 Dungeon Crawl Stone Soup version 0.30.1-11-g7821555f0a (webtiles) character file.

Game seed: 6201749652219592261

95 PaiMei the Grave Robber (level 4, -4/30 HPs)
             Began as a Demonspawn Necromancer on Jan 12, 2024.
             Slain by a hobgoblin
             ... wielding a +0 hand axe
             ... led by Robin
              (6 damage)
             ... on level 1 of the Dungeon.
             The game lasted 00:02:32 (2708 turns).

PaiMei the Grave Robber (Demonspawn Necromancer)    Turns: 2708, Time: 00:02:32

Health: -4/30      AC:  2    Str:  8    XL:     4   Next: 39%
Magic:  5/8        EV: 12    Int: 18    God:
Gold:   94         SH:  0    Dex: 14    Spells: 7/8 levels left

rFire   . . .        i - +0 dagger (venom)
rCold   . . .        (no shield)
rNeg    . . .        a - +0 robe
rPois   .            (no helmet)
rElec   .            (no cloak)
rCorr   .            (no gloves)
SInv    .            (no boots)
Will    .....        (no amulet)
Stlth   ++           (no ring)
HPRegen 0.25/turn    (no ring)
MPRegen 0.11/turn

%: no passive effects
@: no status effects
A: hooves 1
a: no special abilities


You were on level 1 of the Dungeon.
You visited 1 branch of the dungeon, and saw 2 of its levels.

You collected 94 gold pieces.

Inventory:

Hand Weapons
 f - a +0 whip
 i - a +0 dagger of venom (weapon)
Armour
 a - a +0 robe (worn)
Scrolls
 c - a scroll of enchant weapon {unknown}
 d - 2 scrolls of summoning {unknown}
 g - a scroll of blinking {unknown}
 h - 2 scrolls of teleportation {unknown}
 j - a scroll of brand weapon {unknown}
 l - a scroll of fog {unknown}
Potions
 b - a potion of magic
 e - a potion of heal wounds {unknown}
 k - a potion of lignification {unknown}


   Skills:
 + Level 2.6 Dodging
 + Level 2.7 Stealth
 + Level 2.6 Spellcasting
 + Level 5.0 Necromancy


You had 7 spell levels left.
You knew the following spells:

 Your Spells              Type           Power      Damage    Failure   Level
a - Necrotise             Necr           80%        1d8       2%          1

Your spell library contained the following spells:

 Spells                   Type           Power      Damage    Failure   Level
 Vampiric Draining        Necr           20%        2d7       6%          3
 Animate Dead             Necr           20%        N/A       22%         4
 Static Discharge         Conj/Air       4%         2-3/arc   26%         2
 Agony                    Necr           20%        N/A       52%         5
 Airstrike                Air            1%         2d(1-17)  86%         4
 Summon Lightning Spire   Summ/Air       2%         N/A       86%         4


Dungeon Overview and Level Annotations

Branches:
Dungeon (2/15)

Altars:

Annotations:
D:2 Robin


Innate Abilities, Weirdness & Mutations

You have large cloven feet.


Message History

The hobgoblin closely misses you.
Robin roars a battlecry!
The goblins go into a battle-frenzy!
The goblin hits you with a +0 dagger.
There is a stone staircase leading up here.
Casting: Necrotise (safe; 2% risk of failure)
Confirm with . or Enter, or press ? or * to list all spells.
Aiming: Necrotise (safe; 2% risk of failure)
Press: ? - help, Shift-Dir - straight line, f - hobgoblin
Aim: a hobgoblin, wielding a +0 hand axe (strong, chance to affect: 89%)
The hobgoblin barely resists.
The hobgoblin hits you with a +0 hand axe.
The goblin hits you with a +0 dagger.
Robin zaps a wand.
The roots erupt in riotous growth!
The hobgoblin is unaffected.
The grasping roots grab you!
The goblin is unaffected.
The grasping roots constrict you.
You hear a shout! x2
Casting: Necrotise (safe; 2% risk of failure)
Confirm with . or Enter, or press ? or * to list all spells.
Aiming: Necrotise (safe; 2% risk of failure)
Press: ? - help, Shift-Dir - straight line, f/p - hobgoblin
Aim: a hobgoblin, wielding a +0 hand axe (strong, chance to affect: 89%)
The hobgoblin writhes in agony.
The hobgoblin hits you with a +0 hand axe.
The goblin completely misses you. The grasping roots constrict you.
You escape the roots grasp.
The hobgoblin hits you with a +0 hand axe!
* * * LOW HITPOINT WARNING * * *
The goblin barely misses you.
You climb upwards.
There is a stone staircase leading down here.
Casting: Necrotise (safe; 2% risk of failure)
Confirm with . or Enter, or press ? or * to list all spells.
Aiming: Necrotise (safe; 2% risk of failure)
Press: ? - help, Shift-Dir - straight line, f - hobgoblin
Aim: a hobgoblin, wielding a +0 hand axe (moderately wounded, strong, chance to affect: 89%)
The hobgoblin writhes in agony.
The goblin hits you with a +0 dagger.
* * * LOW HITPOINT WARNING * * *
The hobgoblin hits you with a +0 hand axe.
You die...

#.######.####
#.##.
#.######(####
#.##.
#.##........#
#.###
#...........#
#....
####........#
#####
#.........########
#.........##.....#
#g........##.....#
#@#######.##.....#
#.g.....#.##)....#
#######.#.##.....#
#.#.##.....#
#.#.........
#.####.....#
#.####.....#
#.#........#
#)#)##.....#


You could see a hobgoblin (strong) and a goblin (strong).

Vanquished Creatures
  A jelly (D:2)
  An adder (D:2)
  2 dart slugs
  5 ball pythons
  5 endoplasms
  A giant cockroach (D:1)
  4 goblins
  6 hobgoblins
  3 jackals (D:1)
  A quokka (D:1)
  3 bats (D:1)
  8 frilled lizards
  10 kobolds
  2 rats (D:1)
52 creatures vanquished.

Notes
Turn   | Place    | Note
-------+----------+-------------------------------------------
     0 | D:1      | PaiMei the Demonspawn Necromancer began the quest for the
                  | Orb.
     0 | D:1      | Reached XP level 1. HP: 13/13 MP: 3/3
   403 | D:1      | Gained mutation: You have large cloven feet. [demonic
                  | ancestry]
   403 | D:1      | Reached XP level 2. HP: 19/19 MP: 3/5
   973 | D:1      | Found a faded altar of an unknown god.
  1208 | D:1      | Reached XP level 3. HP: 24/24 MP: 2/6
  2107 | D:2      | Reached XP level 4. HP: 30/30 MP: 3/7
  2508 | D:2      | Noticed Robin
  2510 | D:2      | Reached skill level 5 in Necromancy
  2708 | D:1      | Slain by a hobgoblin

Illustrated notes

Levels and vault maps discovered:
D:1:      nzn_arrival_depleted_hourglass, layout_basic,
          hellmonk_ecumenical_altar_pennies_from_heaven, minmay_lizard_pond
D:2:      cheibrodos_fertilizer, layout_loops_ring, uniq_robin

Skill      XL: |  1  2  3  4 |
---------------+-------------+-----
Dodging        | 2 |  2.6
Stealth        | 2 |  2.7
Necromancy     | 5 |  5.0
Spellcasting   | |  2.6

Action                     |  1- 3 |  4- 6 || total
---------------------------+-------+-------++-------
  Melee: Unarmed           |     3 |       ||     3
         Whip              |     1 |       ||     1
         Dagger            |     3 |     6 ||     9
         Kick              |       |     4 ||     4
   Cast: Necrotise         |    66 |    22 ||    88
   Stab: Distracted        |     1 |       ||     1
         Sleeping          |     1 |       ||     1
 Armour: Robe              |     6 |     2 ||     8
  Dodge: Dodged            |    23 |    14 ||    37
